 Dungeon Crawl Stone Soup version 0.31-a0-851-g7ff8af7976 (webtiles) character file.

Game seed: 13807165503588990860

17321 GigaChad the Cleaver (level 12, -1/98 HPs) *EXPLORE*
             Began as a Formicid Fighter on Oct 6, 2023.
             Slain by a ten-headed hydra (4 damage)
             ... on level 3 of the Lair of Beasts.
             The game lasted 00:11:41 (10726 turns).

GigaChad the Cleaver (Formicid Fighter)            Turns: 10726, Time: 00:11:41

Health: -1/98      AC: 18    Str: 25    XL:     12   Next: 81%
Magic:  21/21      EV:  8    Int:  9    God:
Gold:   395        SH:  6    Dex: 13    Spells: 11/11 levels left

rFire   + . .        H - +6 battleaxe of Prudence {heavy, MP+9}
rCold   . . .        c - +0 buckler
rNeg    . . .        b - +0 plate armour
rPois   .            (helmet unavailable)
rElec   .            r - +2 cloak
rCorr   .            (no gloves)
SInv    +            (no boots)
Will    +....        e - amulet of the acrobat Stlth
                     C - ring of flight
HPRegen 0.36/turn    z - ring of protection from fire
MPRegen 0.17/turn

%: acrobat
@: flying
A: permanent stasis, dig shafts and tunnels, antennae 3, four strong arms
a: Dig, Shaft Self


You were on level 3 of the Lair of Beasts.
You visited 3 branches of the dungeon, and saw 12 of its levels.
You also visited: Sewer.

You collected 659 gold pieces.
You spent 264 gold pieces at shops.

Inventory:

Hand Weapons
 a - a +0 war axe
 q - a +2 quarterstaff of chaos
 H - the +6 battleaxe of Prudence (weapon) {heavy, MP+9}
   (You bought it in a shop on level 8 of the Dungeon)

   MP+9:      It affects your magic capacity (+9).
Missiles
 x - a throwing net
Armour
 b - a +0 plate armour (worn)
 c - a +0 buckler (worn)
 r - a +2 cloak (worn)
Jewellery
 e - an amulet of the acrobat (around neck)
 m - a ring of fire
 z - a ring of protection from fire (right hand)
 C - a ring of flight (left hand)
 M - a ring of positive energy
Wands
 A - a wand of paralysis (7)
 J - a wand of flame (39)
 L - a wand of mindburst (6)
Scrolls
 f - a scroll of noise
 i - a scroll of revelation
 k - 6 scrolls of teleportation
 l - 2 scrolls of vulnerability
 o - 3 scrolls of amnesia
 s - 8 scrolls of identify
 t - a scroll of immolation
 y - a scroll of fog
 D - 3 scrolls of enchant weapon {unknown}
 E - a scroll of torment {unknown}
 F - a scroll of silence {unknown}
 G - a scroll of poison {unknown}
 I - a scroll of fear {unknown}
 N - a scroll of butterflies {unknown}
 O - a scroll of acquirement {unknown}
Potions
 d - 7 potions of might
 g - 4 potions of enlightenment {unknown}
 h - 2 potions of lignification {unknown}
 j - 6 potions of mutation
 n - 4 potions of curing {unknown}
 p - 6 potions of haste {unknown}
 u - 3 potions of cancellation {unknown}
 v - a potion of invisibility {unknown}
 w - 2 potions of resistance {unknown}
 B - 3 potions of heal wounds {unknown}
 K - a potion of berserk rage {unknown}


   Skills:
 + Level 10.3 Fighting
 + Level 13.4 Axes
 + Level 11.6 Armour
 + Level 3.6 Dodging
 + Level 0.7 Stealth
 + Level 8.4 Shields


You had 11 spell levels left.
You didn't know any spells.
Your spell library contained the following spells:

 Spells                   Type           Power      Damage    Failure   Level
 Ensorcelled Hibernation  Hex/Ice        0%         N/A       100%        2
 Passwall                 Tmut/Erth      0%         N/A       100%        2
 Sublimation of Blood     Necr           0%         N/A       100%        2
 Wereblood                Tmut           0%         N/A       100%        2
 Frozen Ramparts          Ice            0%         1d1       100%        3
 Olgreb's Toxic Radiance  Pois           0%         N/A       100%        4
 Petrify                  Tmut/Erth      0%         N/A       100%        4
 Metabolic Englaciation   Hex/Ice        0%         N/A       100%        5
 Simulacrum               Ice/Necr       0%         N/A       100%        6
 Ozocubu's Refrigeration  Ice            0%         4d7       100%        7
 Summon Hydra             Summ           0%         N/A       100%        7
 Discord                  Hex            0%         N/A       100%        8
 Ignition                 Fire           0%         3d3       100%        8
 Polar Vortex             Ice            0%         N/A       100%        9
 Swiftness                Air            Unusable   N/A       N/A         3

Dungeon Overview and Level Annotations

Branches:
Dungeon (8/15)             Temple (1/1) D:7            Lair (3/5) D:8
 Shoals (0/4) Lair:2        Snake (0/4) Lair:2        Sewer (visited)

Altars:
Ashenzari
Cheibriados
Dithmenos
Elyvilon
Fedhas
Hepliaklqana
Kikubaaqudgha
Makhleb
Nemelex Xobeh
Okawaru
Ru
Sif Muna
Trog
Vehumet
Wu Jian
Xom
Yredelemnul
Zin
The Shining One

Shops:
D:1 !   D:8 (


Innate Abilities, Weirdness & Mutations

You cannot be hasted, slowed, berserked, paralysed or teleported.
You can dig through walls and to a lower floor.
You have a pair of large antennae on your head. (SInv)
Your four strong arms can wield two-handed weapons with a shield.


Message History

Unknown command.
You are too injured to fight recklessly!
The eight-headed hydra completely misses you.
The eight-headed hydra bites you but does no damage.
The eight-headed hydra bites you.
The eight-headed hydra completely misses you.
The eight-headed hydra misses you. The eight-headed hydra bites you!
* * * LOW HITPOINT WARNING * * *
The eight-headed hydra misses you.
The eight-headed hydra bites you but does no damage.
Unknown command.
Unknown command.
You hack one of the eight-headed hydra's heads off!
The seven-headed hydra grows two more!
You slash the nine-headed hydra!
The nine-headed hydra is moderately wounded.
You block the nine-headed hydra's attack.
The nine-headed hydra bites you.
* * * LOW HITPOINT WARNING * * *
The nine-headed hydra bites you but does no damage. x2
You block the nine-headed hydra's attack.
The nine-headed hydra bites you but does no damage.
The nine-headed hydra bites you.
* * * LOW HITPOINT WARNING * * *
You block the nine-headed hydra's attack.
The nine-headed hydra bites you but does no damage.
You hack one of the nine-headed hydra's heads off!
The eight-headed hydra grows two more!
You hit the ten-headed hydra.
The ten-headed hydra is moderately wounded.
The ten-headed hydra bites you.
* * * LOW HITPOINT WARNING * * *
The ten-headed hydra bites you but does no damage. x2
The ten-headed hydra closely misses you.
The ten-headed hydra bites you.
* * * LOW HITPOINT WARNING * * *
The ten-headed hydra barely misses you. x2; The ten-headed hydra bites you!
* * * LOW HITPOINT WARNING * * *
The ten-headed hydra completely misses you.
You block the ten-headed hydra's attack.
The ten-headed hydra barely misses you. The ten-headed hydra bites you.
You die...

..........#.##.
....$.................###
....................#..##
...................)##..#
..#.............#....#.##
........#........#.....#
................P.##...#
<.......D.........######
........@.........##
...................##
.>..................##
..P...............#..##
.#....#.#...........#.#
##...####..P..P.##.###
#).. #..PP...##### .....
#......## .....
##.#.#..##


You could see a ten-headed hydra.

Vanquished Creatures
  A hydra (Lair:3)
  Erica (D:8)
  A skyshark (Lair:2)
  A salamander (Lair:2)
  A black mamba (Lair:2)
  8 elephants (Lair:1)
  A merfolk siren (Lair:2)
  A torpor snail (Lair:3)
  A cane toad (Lair:1)
  3 komodo dragons
  A polar bear (Lair:2)
  3 blink frogs (Lair:2)
  A spriggan (Lair:2)
  21 yaks
  4 wyverns
  5 basilisks
  A steam dragon (D:8)
  2 nagas (Lair:2)
  An acid dragon (D:8)
  9 water moccasins
  An orc warrior (D:8)
  An ice beast (D:8)
  4 black bears
  A sky beast (D:7)
  8 wolves (Lair:2)
  2 ogres (D:5)
  2 phantoms
  A kobold brigand (Sewer)
  Blork the orc (D:5)
  10 bullfrogs
  4 scorpions
  9 wights (D:8)
  An electric eel (Lair:2)
  2 howler monkeys (D:5)
  4 jellies
  Crazy Yiuf (D:2)
  7 orc priests
  A hound (D:4)
  A gnoll bouda (D:5)
  7 iguanas
  4 orc wizards
  4 sleepcaps
  15 adders
  6 river rats (Sewer)
  A white imp (D:7)
  5 worms
  A dart slug (D:5)
  22 orcs
  13 ball pythons
  7 endoplasms
  4 goblins
  2 hobgoblins
  3 jackals (D:2)
  25 kobolds
  4 quokkas
  5 bats
  10 frilled lizards
  19 rats
285 creatures vanquished.

Notes
Turn   | Place    | Note
-------+----------+-------------------------------------------
     0 | D:1      | GigaChad the Formicid Fighter began the quest for the Orb.
     0 | D:1      | Reached XP level 1. HP: 18/18 MP: 1/1
     0 | D:1      | Entered explore mode.
   113 | D:1      | Reached XP level 2. HP: 24/24 MP: 2/2
   255 | D:1      | Found Wuwyriu's Distillery.
   532 | D:1      | Reached XP level 3. HP: 30/30 MP: 3/3
  1228 | D:2      | Found a runed translucent door.
  1229 | D:2      | Noticed Crazy Yiuf
  1433 | D:2      | Killed Crazy Yiuf
  1434 | D:2      | Reached skill level 3 in Axes
  1434 | D:2      | Reached XP level 4. HP: 25/37 MP: 4/4
  1628 | D:3      | Reached XP level 5. HP: 32/42 MP: 5/5
  1696 | D:3      | Reached skill level 4 in Axes
  1726 | D:3      | Found an ornate altar of the Wu Jian Council.
  1783 | D:3      | Found a bloodstained altar of Trog.
  1912 | D:3      | Found a white marble altar of Elyvilon.
  2064 | D:3      | Found a glowing drain.
  2098 | Sewer    | Entered a sewer
  2263 | Sewer    | Reached XP level 6. HP: 43/48 MP: 6/6
  2575 | Sewer    | Reached skill level 5 in Shields
  2953 | D:4      | Reached skill level 5 in Axes
  2953 | D:4      | Reached XP level 7. HP: 55/55 MP: 7/7
  2988 | D:4      | Reached skill level 1 in Dodging
  3438 | D:4      | Reached skill level 5 in Armour
  3903 | D:5      | Entered Level 5 of the Dungeon
  3912 | D:5      | Reached skill level 6 in Axes
  3912 | D:5      | Reached XP level 8. HP: 61/61 MP: 8/8
  3927 | D:5      | Noticed Blork the orc
  3937 | D:5      | Killed Blork the orc
  3938 | D:5      | Reached skill level 5 in Fighting
  4087 | D:5      | HP: 3/62 [iguana (7)]
  4092 | D:5      | HP: 2/62 [black bear (3)]
  4093 | D:5      | Slain by a black bear (4 damage)
  4296 | D:5      | Reached skill level 7 in Axes
  4672 | D:5      | Reached XP level 9. HP: 66/68 MP: 9/9
  5202 | D:6      | Reached skill level 8 in Axes
  6595 | D:7      | Found a staircase to the Ecumenical Temple.
  6607 | Temple   | Entered the Ecumenical Temple
  6704 | D:8      | Reached skill level 9 in Axes
  6704 | D:8      | HP: 3/68 [wight/+3 mace (3)]
  6704 | D:8      | Slain by a wight
                  | ... wielding a +3 halberd of freezing
                  | (7 damage)
  6708 | D:8      | Slain by a wight
                  | ... wielding a +3 halberd of freezing
                  | (10 damage)
  6709 | D:8      | Slain by an orc warrior
                  | ... wielding a +0 glaive
                  | (8 damage)
  6711 | D:8      | Slain by a yak (10 damage)
  6716 | D:8      | Slain by an orc warrior
                  | ... wielding a +0 glaive
                  | (6 damage)
  6718 | D:8      | Reached XP level 10. HP: 38/71 MP: 10/10
  6718 | D:8      | Noticed Erica
  6720 | D:8      | HP: 3/69 [wight/+3 trident (11)]
  6721 | D:8      | Slain by a wight
                  | ... wielding a +3 trident
                  | (2 damage)
  6727 | D:8      | Killed from afar by an acid dragon (21 damage)
                  | ... with a splash of acid
  6729 | D:8      | HP: 1/63 [orc warrior/arrow (11)]
  6729 | D:8      | Slain by a black bear (1 damage)
  6730 | D:8      | Killed from afar by Erica (14 damage)
                  | ... with a lance of force
  6737 | D:8      | Killed Erica
  6738 | D:8      | HP: 3/77 [acid dragon (9)]
  6740 | D:8      | Mangled by a wight
                  | ... wielding a +3 halberd of freezing
                  | (8 damage)
  6746 | D:8      | Mangled by an orc warrior
                  | ... wielding a +0 glaive
                  | (17 damage)
  6755 | D:8      | HP: 2/77 [orc warrior/+0 glaive (4)]
  6756 | D:8      | Mangled by an orc warrior
                  | ... wielding a +0 glaive
                  | (11 damage)
  6760 | D:8      | HP: 2/77 [acid dragon (5)]
  6761 | D:8      | Mangled by an orc warrior
                  | ... wielding a +0 glaive
                  | (11 damage)
  6766 | D:8      | HP: 3/77 [acid dragon (12)]
  6767 | D:8      | Mangled by an orc warrior
                  | ... wielding a +0 glaive
                  | (13 damage)
  7065 | D:8      | Found a hazy altar of Hepliaklqana.
  7149 | D:8      | Found a broken altar of Ashenzari.
  7265 | D:8      | Found Wuhaodest's Antique Weapon Shop.
  7278 | D:8      | Bought a smouldering battleaxe for 264 gold pieces
  7278 | D:8      | Identified the +6 battleaxe of Prudence {heavy, MP+9} (You
                  | bought it in a shop on level 8 of the Dungeon)
  7483 | D:8      | Found a staircase to the Lair.
  7566 | Lair:1   | Entered Level 1 of the Lair of Beasts
  7583 | Lair:1   | Noticed an elephant
  7583 | Lair:1   | Noticed an elephant
  7584 | Lair:1   | Noticed an elephant
  7584 | Lair:1   | Noticed an elephant
  7586 | Lair:1   | Noticed an elephant
  7590 | Lair:1   | Killed an elephant
  7592 | Lair:1   | Killed an elephant
  7593 | Lair:1   | Reached skill level 10 in Axes
  7594 | Lair:1   | HP: 3/80 [elephant (8)]
  7595 | Lair:1   | Killed an elephant
  7596 | Lair:1   | Killed an elephant
  7596 | Lair:1   | Slain by an elephant (8 damage)
  7597 | Lair:1   | Killed an elephant
  7610 | Lair:1   | Noticed an elephant
  7611 | Lair:1   | Noticed an elephant
  7612 | Lair:1   | Noticed an elephant
  7622 | Lair:1   | Killed an elephant
  7623 | Lair:1   | Reached XP level 11. HP: 53/86 MP: 11/11
  7626 | Lair:1   | Killed an elephant
  7630 | Lair:1   | Killed an elephant
  7631 | Lair:1   | Reached skill level 11 in Axes
  8872 | Lair:2   | Noticed a skyshark
  8874 | Lair:2   | Reached skill level 10 in Armour
  8892 | Lair:2   | Killed a skyshark
  9145 | Lair:2   | Reached skill level 12 in Axes
  9458 | Lair:2   | Reached XP level 12. HP: 56/96 MP: 12/12
  9854 | Lair:2   | Found a staircase to the Snake Pit.
 10311 | Lair:2   | Found a staircase to the Shoals.
 10375 | Lair:3   | Noticed a five-headed hydra
 10380 | Lair:3   | HP: 3/97 [yak (13)]
 10381 | Lair:3   | Slain by an eight-headed hydra (7 damage)
 10384 | Lair:3   | Slain by a nine-headed hydra (9 damage)
 10386 | Lair:3   | Slain by an 11-headed hydra (10 damage)
 10387 | Lair:3   | Killed a 12-headed hydra
 10395 | Lair:3   | Reached skill level 10 in Fighting
 10395 | Lair:3   | Reached skill level 13 in Axes
 10716 | Lair:3   | Noticed a four-headed hydra
 10726 | Lair:3   | HP: 3/98 [ten-headed hydra (9)]
 10726 | Lair:3   | Slain by a ten-headed hydra

Illustrated notes

Levels and vault maps discovered:
D:1:      minmay_arrival_five_plusses, layout_loops_ring, serial_shops,
          nicolae_shop_rolling_square
D:2:      layout_loops_ring, uniq_crazy_yiuf_cottage
D:3:      layout_rooms, bloody_trog, lemuel_coloured_pillars_altar,
          mainiacjoe_overflow_concentric_impassable,
          cheibrodos_sewer_entry_bend, saegor_snake_ambush
D:4:      nicolae_cairo_tiling_large_dashed, layout_rooms,
          minmay_misc_feat_doors, minmay_puff
D:5:      layout_cave_pods, minivault_11, serial_bayou_pond_b,
          corexii_checkpoint_a, minmay_fractal_squares_gapless_5,
          uniq_blork_the_orc
D:6:      layout_basic, mrwooster_statue_mirror
D:7:      layout_basic, temple_hall, grunt_decor_arrowhead,
          minmay_misc_feat_alley
D:8:      layout_gridville, mainiacjoe_overflow_alcove_1,
          evilmike_ruin_ashenzari, grunt_lair_entry_orc_guard_hut, serial_shops,
          shop, uniq_erica
Temple:   nicolae_temple_great_sept
Lair:1:   layout_cave_pods
Lair:2:   layout_gridlike, minmay_shoals_entry_lonely_mermaid,
          alex1729_snake_entry_snake, grunt_forest_large_clearings,
          lemuel_fruit_tree, serial_bayou_shore_a
Lair:3:   dreamdust_isle_of_ice, layout_cave_shapes

Skill      XL: |  1  2  3  4  5  6  7  8  9 10 11 12 |
---------------+-------------------------------------+-----
Axes           | 3 4 5 6 7 9 10 12 13 | 13.4
Armour         | 4 5 6 7 9 10 11 | 11.6
Fighting       | 4 5 7 8 9 10 | 10.3
Shields        | 5 6 7 8 |  8.4
Dodging        | 1 2 3 |  3.6
Stealth        | |  0.7

Action                     |  1- 3 |  4- 6 |  7- 9 | 10-12 || total
---------------------------+-------+-------+-------+-------++-------
  Melee: War axe           |    66 |   171 |   316 |    41 ||   594
         Battleaxe         |       |       |       |   151 ||   151
    Use: Scroll            |     1 |     7 |     1 |       ||     9
 Armour: Scale mail        |    43 |   107 |   280 |   115 ||   545
         Plate armour      |       |       |       |   405 ||   405
  Dodge: Dodged            |    40 |    94 |   215 |   264 ||   613
  Block: Buckler           |    21 |    41 |   106 |   131 ||   299

Table legend: (Time is in decaauts)
 A = Elapsed time spent in this place.
 B = Non-inter-level travel time spent in this place.
 C = Inter-level travel time spent in this place.
 D = Time resting spent in this place.
 E = Time spent auto-exploring this place.
 F = Levels seen in this place.
 G = Mean time per level.
                   A        B        C        D        E       F      G
               +--------+--------+--------+--------+--------+-----+--------+
         Total |  11012 |  10707 |    305 |    216 |   8490 |  13 |  847.1 |
       Dungeon |   6903 |   6629 |    274 |    216 |   5122 |   8 |  862.9 |
        Temple |     39 |     39 |      0 |      0 |      0 |   1 |   39.0 |
          Lair |   3261 |   3230 |     31 |      0 |   2773 |   3 | 1087.0 |
         Sewer |    807 |    807 |      0 |      0 |    594 |   1 |  807.0 |
               +--------+--------+--------+--------+--------+-----+--------+

Top non-repeatable levels by time:
  Lair:2: 1519 daAuts
  Lair:1: 1333 daAuts
     D:5: 1280 daAuts
     D:4: 1006 daAuts
     D:8: 877 daAuts
     D:2: 873 daAuts
     D:6: 838 daAuts
   Sewer: 807 daAuts
     D:3: 694 daAuts
     D:1: 670 daAuts
     D:7: 662 daAuts
  Lair:3: 408 daAuts
  Temple: 39 daAuts
